Map: [ESL] Waterfall

Players

Solar - Winner!

  • Race: Zerg Zerg
  • League: Master
  • Spawn Location: 7:00

HeroMarine

  • Race: Terran Terran
  • Spawn Location: 1:00

Event: HomeStory Cup XXI

VOD

Have the link to the VOD?

Description

Time

  • Played on: July 23, 2022, 10:18 a.m.
  • Length: 16:26

All games in this series

Show
View Real Time Build Order
Export as new Build Order

Solar Zerg - Winner!

Build Orders: Hatch First 

Get SALT Encoding   

  12  0:00  Drone  
  13  0:12  Overlord  
  13  0:17  Drone  
  14  0:31  Drone x2  
  16  0:48  Hatchery  
  15  0:51  Drone  
  15  0:54  Drone  
  17  0:58  Drone  
  18  1:08  Extractor  
  17  1:13  Spawning Pool  
  17  1:16  Drone  
  17  1:20  Drone  
  18  1:28  Drone  
  19  1:40  Drone  
  20  1:49  Drone  
  21  2:01  Queen x2, Zergling x4  
  27  2:11  Zergling x2  
  27  2:12  Overlord  
  28  2:26  Drone, Hatchery  
  28  2:31  Drone  
  28  2:34  Drone  
  30  2:38  Queen  
  32  2:46  Overlord  
  32  2:48  Metabolic Boost  
  32  2:52  Drone  
  32  2:54  Drone  
  32  2:57  Drone  
  35  2:59  Drone  
  36  3:08  Drone x2  
  36  3:10  Drone x3  
  41  3:16  Queen  
  43  3:22  Overlord  
  43  3:24  Drone  
  44  3:31  Overlord  
  44  3:37  Queen  
  44  3:38  Queen  
  48  3:42  Drone x2  
  48  3:43  Drone  
  48  3:44  Drone  
  48  3:46  Drone  
  53  3:49  Drone x2  
  53  3:54  Overlord  
  55  3:55  Drone  
  55  3:56  Drone  
  55  3:59  Zergling x4  
  59  4:04  Drone x3  
  62  4:11  Overlord  
  62  4:13  Drone x3  
  62  4:16  Queen  
  67  4:22  Queen  
  69  4:24  Drone x3  
  69  4:27  Overlord  
  69  4:29  Drone  
  69  4:31  Drone  
  74  4:32  Drone  
  74  4:35  Zergling x6  
  77  4:39  Lair  
  77  4:42  Baneling Nest  
  77  4:45  Extractor, Overlord  
  75  4:47  Drone  
  75  4:48  Extractor  
  75  4:50  Spore Crawler x2, Drone  
  75  4:51  Drone  
  75  4:53  Drone  
  75  4:55  Drone, Overlord  
  77  5:00  Spore Crawler  
  77  5:01  Overlord  
  77  5:05  Drone  
  77  5:06  Drone x4  
  81  5:08  Drone x2  
  81  5:10  Drone x2  
  85  5:17  Evolution Chamber, Drone x2  
  85  5:19  Evolution Chamber  
  85  5:20  Zergling x2  
  86  5:22  Queen  
  86  5:25  Drone  
  86  5:26  Drone x3  
  92  5:30  Drone  
  92  5:34  Drone  
  92  5:35  Drone  
  92  5:36  Drone x2  
  92  5:38  Overseer  
  92  5:40  Overlord  
  92  5:41  Drone x3  
  97  5:44  Extractor x2  
  97  5:45  Drone  
  97  5:47  Overlord  
  96  5:51  Overlord  
  96  5:56  Overlord  
  96  5:59  Centrifugal Hooks  
  96  6:01  Zerg Melee Weapons Level 1  
  96  6:09  Zergling x18  
  105  6:12  Zergling x2  
  105  6:13  Zergling x2, Hatchery  
  106  6:19  Overlord  
  106  6:25  Zergling x8  
  109  6:27  Hydralisk Den  
  109  6:29  Overlord  
  107  6:34  Zergling x6  
  107  6:38  Drone x3  
  113  6:41  Hatchery  
  113  6:43  Drone x2  
  113  6:46  Zergling x8  
  118  6:47  Baneling x9  
  118  6:48  Baneling x2  
  118  6:51  Drone  
  118  6:52  Drone x2  
  116  7:01  Drone, Muscular Augments  
  117  7:02  Zerg Ground Armor Level 1  
  117  7:04  Baneling x2  
  117  7:05  Zergling x4  
  119  7:10  Overlord  
  119  7:13  Drone x2  
  121  7:20  Drone x2  
  121  7:21  Zergling x14  
  129  7:23  Drone  
  129  7:27  Overlord  
  130  7:31  Drone  
  130  7:35  Overlord, Zergling x2  
  132  7:41  Baneling x7  
  132  7:45  Drone x3  
  132  7:47  Zergling x6  
  132  7:49  Overlord  
  132  7:50  Zergling x2  
  132  7:51  Zergling x8  
  142  7:56  Hatchery  
  142  7:57  Zerg Melee Weapons Level 2  
  142  7:58  Hydralisk x3  
  141  8:01  Drone  
  141  8:04  Drone  
  149  8:08  Pneumatized Carapace, Drone  
  149  8:10  Drone  
  149  8:11  Infestation Pit  
  149  8:12  Extractor  
  149  8:13  Drone  
  149  8:14  Hydralisk  
  149  8:17  Hydralisk  
  149  8:19  Hydralisk  
  154  8:21  Hydralisk x2  
  154  8:23  Baneling x7  
  154  8:24  Baneling, Zergling x2  
  154  8:25  Zergling x2  
  156  8:35  Zergling x2  
  156  8:36  Zergling x12  
  156  8:40  Zergling x6  
  164  8:44  Grooved Spines  
  164  8:46  Queen  
  164  8:48  Hive  
  156  8:50  Drone  
  156  8:51  Drone, Zergling x10  
  163  8:57  Hydralisk x7, Hatchery  
  163  9:02  Overlord  
  175  9:03  Extractor, Overlord, Lurker Den  
  175  9:05  Drone x2  
  175  9:06  Overlord  
  175  9:12  Overlord  
  175  9:22  Drone  
  175  9:23  Drone  
  177  9:25  Drone x4  
  177  9:27  Drone, Zergling x12  
  188  9:32  Baneling x5  
  188  9:33  Baneling x4  
  188  9:34  Zergling x2, Hatchery  
  188  9:41  Zergling x6, Overseer  
  188  9:43  Drone  
  192  9:49  Zergling x8  
  192  9:51  Hatchery  
  192  9:52  Zergling x4  
  197  9:56  Drone  
  197  9:57  Drone  
  197  9:59  Drone  
  199  10:02  Seismic Spines, Adrenal Glands  
  199  10:03  Zerg Ground Armor Level 2  
  198  10:10  Viper  
  198  10:13  Zerg Missile Weapons Level 1  
  198  10:14  Baneling x3  
  197  10:16  Spore Crawler  
  197  10:20  Viper  
  197  10:22  Zergling x4  
  199  10:33  Drone, Extractor  
  199  10:43  Baneling x13  
  196  10:57  Zergling x6  
  196  11:02  Overseer  
  199  11:06  Adaptive Talons  
  186  11:14  Drone  
  186  11:17  Burrow  
  187  11:29  Nydus Network, Drone x4  
  190  11:33  Zergling x18  
  198  11:40  Overlord  
  198  11:43  Hatchery  
  198  11:45  Zergling x10  
  187  11:48  Zergling x8  
  187  11:51  Zergling x20  
  187  11:56  Zergling x32  
  187  11:57  Zergling x8  
  187  11:59  Hydralisk  
  199  12:01  Baneling x8  
  199  12:02  Baneling x8  
  199  12:07  Overseer  
  199  12:12  Zerg Melee Weapons Level 3  
  199  12:23  Baneling x3  
  199  12:24  Baneling x12, Overseer  
  199  12:26  Zerg Ground Armor Level 3  
  199  12:34  Hatchery  
  198  12:39  Nydus Canal  
  198  12:43  Zergling x6  
  197  12:48  Zergling x20  
  197  12:49  Zergling x20  
  186  12:52  Zergling x8  
  186  12:56  Hydralisk  
  169  13:01  Hydralisk x4  
  169  13:03  Zergling x20  
  169  13:07  Zergling x4  
  169  13:09  Baneling x13  
  172  13:12  Drone  
  172  13:13  Drone, Zergling x8  
  172  13:16  Zergling x6  
  172  13:17  Hydralisk  
  182  13:21  Zergling x6  
  182  13:22  Lurker  
  182  13:23  Lurker  
  182  13:25  Zergling x4  
  187  13:28  Baneling x14  
  187  13:30  Zergling x6, Overseer  
  187  13:31  Overseer x3  
  187  13:33  Zergling x6  
  192  13:39  Zergling x14  
  199  13:42  Baneling x17  
  195  14:13  Zergling x10  
  195  14:17  Zergling x18  
  170  14:24  Zergling x16  
  170  14:25  Zergling x4  
  170  14:27  Hydralisk x3  
  170  14:28  Zergling x24  
  172  14:33  Zergling x14  
  172  14:35  Drone x3  
  172  14:36  Drone  
  179  14:39  Zergling x10  
  179  14:40  Overseer  
  179  14:42  Zergling x2  
  179  14:44  Zergling x2  
  183  14:47  Zergling x8  
  187  14:52  Zergling x2  
  187  14:53  Spore Crawler, Zergling x4  
  187  14:54  Spine Crawler, Overlord  
  187  14:55  Baneling x17  
  187  14:56  Spine Crawler, Zergling x2  
  187  14:58  Zergling x4  
  187  14:59  Zergling x2  
  190  15:03  Nydus Canal  
  190  15:06  Zergling x2  
  190  15:07  Zergling x10, Baneling x3  
  196  15:08  Overlord, Baneling x7  
  196  15:09  Zergling x4  
  196  15:10  Overlord x2  
  196  15:13  Zergling x4  
  199  15:17  Zergling x2  
  199  15:19  Zergling x4  
  199  15:20  Zergling x2  
  194  15:21  Zergling x2  
  194  15:22  Zergling x8  
  194  15:23  Zergling x2  
  194  15:25  Zergling x6  
  194  15:28  Zergling x4  
  196  15:29  Hydralisk x2  
  196  15:30  Zergling x2  
  196  15:33  Zergling x6  
  192  15:38  Zergling x2  
  192  15:39  Zergling x16  
  199  15:43  Baneling x11  
  199  15:44  Baneling x7, Overseer  
  199  15:56  Baneling x6  
  199  16:03  Hatchery  
  198  16:05  Drone  
  185  16:16  Hatchery  
Show
View Real Time Build Order
Export as new Build Order

HeroMarine Terran 

Build Orders: Reaper Expand, Hellion Banshee 

Get SALT Encoding   

  12  0:00  SCV  
  13  0:12  SCV  
  14  0:17  Supply Depot  
  14  0:24  SCV  
  15  0:38  SCV  
  15  0:39  Barracks  
  16  0:43  Refinery  
  16  0:50  SCV  
  17  1:03  SCV  
  18  1:15  SCV  
  19  1:26  Reaper  
  19  1:27  Orbital Command  
  20  1:40  Command Center  
  20  1:47  Supply Depot  
  20  1:52  SCV  
  21  1:58  Marine  
  22  2:04  SCV  
  23  2:11  Factory  
  23  2:16  SCV  
  23  2:20  Barracks Reactor  
  24  2:28  SCV  
  25  2:40  Command Center  
  25  2:41  SCV  
  26  2:51  Orbital Command  
  26  2:53  SCV  
  27  3:00  Starport  
  27  3:05  SCV  
  28  3:06  Refinery  
  30  3:12  Hellion  
  30  3:16  Hellion  
  30  3:17  SCV  
  33  3:21  SCV  
  34  3:29  SCV  
  34  3:31  Marine  
  34  3:33  SCV  
  34  3:34  Hellion  
  39  3:36  Starport Tech Lab  
  39  3:37  Hellion  
  41  3:41  SCV  
  41  3:45  SCV  
  43  3:53  Orbital Command, SCV  
  43  3:54  Banshee  
  47  3:57  Cloaking Field, SCV  
  47  4:02  Hellion  
  50  4:06  Hellion  
  50  4:09  SCV x2  
  54  4:12  Barracks Tech Lab  
  54  4:15  Supply Depot  
  54  4:19  SCV  
  54  4:21  SCV  
  54  4:22  SCV  
  57  4:27  Hellion  
  57  4:28  Supply Depot  
  57  4:29  Hellion  
  61  4:36  Marine  
  61  4:37  Banshee, Stimpack  
  61  4:38  SCV x3  
  68  4:50  SCV x2  
  68  4:51  Orbital Command  
  70  4:54  Barracks x2  
  70  4:55  Supply Depot  
  70  4:56  Factory Reactor  
  70  4:57  Marine  
  71  5:02  Engineering Bay, SCV x2  
  71  5:03  Engineering Bay  
  71  5:04  Refinery  
  73  5:07  Refinery  
  73  5:14  SCV x2  
  73  5:15  Marine  
  73  5:20  SCV, Supply Depot  
  77  5:26  SCV x2  
  79  5:33  SCV, Marine  
  79  5:34  Terran Infantry Armor Level 1, Terran Infantry Weapons Level 1  
  81  5:37  Starport Reactor  
  81  5:38  SCV, Supply Depot  
  81  5:39  SCV  
  83  5:44  Barracks x2  
  83  5:45  SCV  
  84  5:50  SCV  
  84  5:51  SCV, Marine x2  
  84  5:53  Marine  
  89  5:58  SCV, Marine x2  
  89  5:59  Siege Tank  
  89  6:02  Supply Depot  
  89  6:03  SCV x2  
  97  6:07  Supply Depot  
  97  6:08  Supply Depot  
  97  6:10  SCV  
  98  6:12  Medivac  
  98  6:15  SCV  
  101  6:23  Medivac, SCV x2, Marine x2, Supply Depot x2  
  107  6:27  SCV, Marine  
  107  6:28  Marine  
  108  6:35  SCV x2  
  108  6:36  Barracks Reactor x2, Supply Depot  
  108  6:38  Refinery  
  108  6:39  Refinery, SCV  
  108  6:42  Marine x2  
  108  6:44  Marine  
  108  6:45  Marine  
  108  6:46  Siege Tank  
  115  6:47  SCV  
  115  6:51  Marine  
  115  6:52  Medivac  
  119  6:57  Medivac  
  119  7:00  Armory, Marine x2  
  123  7:02  Marine  
  123  7:03  Marine, Command Center  
  123  7:04  Supply Depot  
  123  7:05  Supply Depot  
  123  7:07  SCV  
  123  7:08  Factory  
  126  7:09  SCV x2  
  126  7:12  Marine x2  
  126  7:15  Marine x2  
  130  7:19  Marine x2  
  130  7:20  Marine  
  135  7:25  Medivac  
  135  7:27  Marine x2, Medivac  
  140  7:30  SCV  
  140  7:31  SCV x2  
  143  7:40  Marine x2  
  143  7:41  Combat Shield, Marine x3  
  143  7:42  Siege Tank  
  151  7:49  Marine, Supply Depot x2, Sensor Tower  
  151  7:50  Marine x2  
  154  7:56  Terran Infantry Weapons Level 2  
  154  7:57  Terran Infantry Armor Level 2  
  154  8:04  Marine x2  
  156  8:07  Marine x2  
  156  8:08  Marine x2  
  156  8:09  Factory Tech Lab, Marine  
  156  8:11  Marine x2  
  163  8:15  Siege Tank  
  163  8:17  SCV  
  163  8:18  SCV  
  163  8:19  SCV, Terran Vehicle Weapons Level 1  
  169  8:21  Marine  
  169  8:22  Marine  
  169  8:25  Marine  
  172  8:28  Barracks  
  172  8:30  Barracks  
  172  8:31  Barracks  
  172  8:32  SCV x2  
  155  8:34  SCV  
  155  8:36  Marine x2  
  155  8:37  Siege Tank  
  161  8:43  Marine x2  
  161  8:47  Siege Tank, Marine x5  
  164  8:50  SCV x3  
  164  8:53  Marine x2  
  164  8:54  Medivac  
  164  8:55  Medivac  
  173  8:57  Planetary Fortress  
  173  9:00  Marine  
  173  9:01  Marine  
  177  9:05  Marine x3  
  177  9:07  Marine x2  
  177  9:08  Refinery  
  177  9:09  Refinery  
  183  9:11  Siege Tank  
  183  9:13  Supply Depot  
  183  9:18  Command Center  
  183  9:19  Siege Tank  
  186  9:24  Barracks Tech Lab x2  
  186  9:25  Barracks Tech Lab  
  186  9:28  Ghost Academy  
  186  9:32  Command Center  
  186  9:35  Sensor Tower  
  186  9:45  Marauder  
  188  9:46  Command Center  
  188  9:49  Marauder x2, Command Center  
  188  9:50  Marauder  
  191  10:03  Command Center  
  191  10:06  Ghost  
  193  10:09  Ghost x2  
  193  10:11  Ghost  
  195  10:17  Missile Turret  
  195  10:19  Terran Infantry Weapons Level 3  
  195  10:20  Missile Turret  
  193  10:22  Terran Vehicle Weapons Level 2  
  193  10:28  Terran Infantry Armor Level 3  
  193  10:31  Orbital Command  
  193  10:34  Ghost  
  195  10:39  Marauder  
  195  10:42  Missile Turret x2  
  197  10:47  Command Center  
  197  10:59  Ghost x2  
  199  11:05  Factory  
  197  11:17  Orbital Command x3  
  197  11:22  Refinery  
  197  11:24  Refinery, Command Center  
  197  11:26  Command Center  
  197  11:27  Ghost  
  199  11:34  Orbital Command, Enhanced Shockwaves  
  199  11:36  Missile Turret  
  199  11:40  Sensor Tower  
  199  11:45  Ghost  
  189  11:52  Ghost  
  172  11:54  Siege Tank x2  
  172  11:56  SCV x2, Marauder x2  
  172  11:58  SCV  
  172  11:59  SCV x3  
  176  12:01  Liberator x2  
  176  12:07  Factory Tech Lab  
  176  12:08  Orbital Command  
  182  12:10  SCV  
  182  12:14  Concussive Shells, Marauder  
  185  12:19  Planetary Fortress  
  185  12:26  Ghost, Siege Tank x2  
  185  12:28  Ghost  
  195  12:43  Orbital Command, Refinery x2  
  194  12:47  Marauder  
  194  12:48  Siege Tank  
  194  12:51  Marauder  
  183  12:56  Marine x2, Marauder  
  183  12:58  SCV x4, Siege Tank  
  164  12:59  SCV  
  164  13:00  SCV x4  
  164  13:03  Ghost  
  155  13:06  Siege Tank  
  155  13:07  Ghost  
  155  13:10  SCV x3  
  155  13:11  SCV x2  
  165  13:13  Ghost  
  165  13:15  Sensor Tower  
  165  13:16  Ghost  
  169  13:22  Orbital Command  
  169  13:23  Planetary Fortress  
  169  13:24  SCV x2  
  169  13:25  Refinery  
  171  13:27  Marine x2  
  171  13:28  Marine x2  
  171  13:30  Marine x4  
  171  13:32  Marine  
  171  13:33  Infernal Pre-Igniter  
  180  13:35  Siege Tank  
  180  13:36  Marine  
  180  13:41  Siege Tank, Missile Turret  
  187  13:42  Missile Turret, Marine  
  187  13:43  Siege Tank  
  191  13:49  Ghost  
  191  13:52  Command Center  
  191  13:55  Ghost  
  193  13:59  Marauder  
  197  14:05  Orbital Command  
  197  14:09  Marine  
  195  14:10  Marine  
  195  14:14  Ghost  
  197  14:17  Ghost  
  197  14:23  Orbital Command  
  188  14:26  Marine x2, Marauder x2  
  188  14:27  Marine x3  
  188  14:30  Orbital Command  
  172  14:33  Siege Tank  
  172  14:34  Siege Tank x2  
  172  14:36  SCV x2  
  172  14:37  SCV x2  
  171  14:38  SCV x2  
  168  14:53  Hi-Sec Auto Tracking  
  168  14:54  SCV x3  
  168  14:55  SCV  
  168  14:58  Marine x3, Marauder x2  
  179  15:00  Medivac  
  179  15:01  Marine x2  
  179  15:02  Marine x2, Marauder x2  
  179  15:04  Marine  
  190  15:16  Marine x2  
  190  15:19  Marauder x2  
  196  15:22  Marine x2  
  196  15:23  Marauder  
  196  15:28  Hellion  
  190  15:32  Hellion x2  
  190  15:34  Orbital Command  
  162  15:43  SCV x2  
  162  15:46  Medivac x2  
  162  15:49  Siege Tank  
  169  15:53  Siege Tank  
Tags
 
Add a new tag
Caveats
  • Supply blocks, unpowered buildings, or Contaminate may cause inaccurate times.
  • Supply counts are checked every 10 seconds.